 Dungeon Crawl Stone Soup version 0.29-a0-40-g8eb35efe60 (webtiles) character file.

Game seed: 4723364247930839378

4481 dolemite99 the Basher (level 10, 0/77 HPs)
             Began as a Minotaur Monk on Feb 1, 2022.
             Was a Priest of Fedhas.
             Succumbed to a hornet's poison
             ... while paralysed by a hornet
             ... on level 9 of the Dungeon.
             The game lasted 00:15:04 (12054 turns).

dolemite99 the Basher (Minotaur Monk)              Turns: 12054, Time: 00:15:04

Health: 0/77       AC: 15    Str: 19    XL:     10   Next: 16%
Magic:  16/16      EV:  2    Int:  7    God:    Fedhas [***...]
Gold:   453        SH:  0    Dex: 20    Spells: 9/9 levels left

rFire   . . .      SeeInvis .   b - +1 shortbow (vorpal)
rCold   + . .      Faith    .   (shield currently unavailable)
rNeg    . . .      Spirit   .   v - +0 chain mail
rPois   .          Reflect  .   (helmet restricted)
rElec   .          Harm     .   x - +2 cloak
rCorr   .          Rampage  .   (no gloves)
Will    .....                   i - +2 pair of boots
Stlth   ..........              B - amulet of regeneration
HPRegen 1.02/turn               N - +6 ring of dexterity
MPRegen 0.15/turn               O - ring of protection from cold

@: paralysed, lethally poisoned (0 -> -20), slowed
A: horns 2, retaliatory headbutt
a: Renounce Religion, Wall of Briars, Grow Ballistomycete


You were on level 9 of the Dungeon.
You worshipped Fedhas.
Fedhas was most pleased with you.
You visited 1 branch of the dungeon, and saw 9 of its levels.
You also visited: Sewer.

You collected 509 gold pieces.
You spent 56 gold pieces at shops.

Inventory:

Hand Weapons
 a - a +0 hand axe
 b - a +1 vorpal shortbow (weapon)
 h - a +4 battleaxe
 m - a +0 hunting sling
 D - a +0 dire flail
 E - a +5 morningstar
 H - a +0 shortbow
 M - a +3 whip of venom
 P - a +3 morningstar
Missiles
 c - 3 curare-tipped darts
 e - 226 stones
 f - 6 javelins
 k - 22 sling bullets
 s - 6 datura-tipped darts
 y - 24 poisoned darts
 C - 58 bolts
 I - 73 arrows (quivered ammo)
 Q - 2 throwing nets
Armour
 i - a +2 pair of boots (worn)
 j - an orb of mayhem
 v - a +0 chain mail (worn)
 x - a +2 cloak (worn)
Jewellery
 B - an amulet of regeneration (around neck)
 F - a +6 ring of intelligence
 N - a +6 ring of dexterity (left hand)
 O - a ring of protection from cold (right hand)
 T - a ring of see invisible
Wands
 A - a wand of acid (1)
 L - a wand of flame (12)
 R - a wand of mindburst (15)
Scrolls
 d - 4 scrolls of noise
 o - 2 scrolls of fog
 t - 2 scrolls of magic mapping
 u - a scroll of vulnerability
 w - a scroll of blinking
 J - 3 scrolls of silence
Potions
 g - 4 potions of haste
 l - a potion of magic
 n - 3 potions of might {unknown}
 p - 3 potions of cancellation
 q - 7 potions of flight
 r - 2 potions of resistance {unknown}
 z - a potion of heal wounds {unknown}
 G - 4 potions of curing
 K - a potion of berserk rage
 S - a potion of brilliance {unknown}


   Skills:
 - Level 3.6 Fighting
 - Level 7.6(10.4) Axes
 - Level 11.0(12.0) Maces & Flails
 - Level 3.0 Bows
 + Level 2.8 Armour
 - Level 3.2 Dodging
 - Level 1.5 Stealth
 - Level 9.3 Invocations


You had 9 spell levels left.
You didn't know any spells.
Your spell library contained the following spells:

 Spells                   Type           Power      Damage    Failure   Level
 Animate Skeleton         Necr           0%         N/A       99%         1
 Apportation              Tloc           0%         N/A       99%         1
 Sandblast                Erth           0%         2d4       99%         1
 Summon Small Mammal      Summ           0%         N/A       99%         1
 Corpse Rot               Necr/Air       0%         N/A       100%        2
 Passwall                 Tmut/Erth      0%         N/A       100%        2
 Stone Arrow              Conj/Erth      0%         3d7       100%        3
 Tukima's Dance           Hex            0%         N/A       100%        3
 Anguish                  Hex/Necr       0%         N/A       100%        4
 Dispel Undead            Necr           0%         3d6       100%        4
 Death Channel            Necr           0%         N/A       100%        6
 Enfeeble                 Hex            0%         N/A       100%        7


Dungeon Overview and Level Annotations

Branches:
Dungeon (9/15)             Temple (0/1) D:6            Lair (0/6) D:8
  Sewer (visited)
    Orc: D:9-12

Altars:
Fedhas
Gozag
Makhleb
Nemelex Xobeh
Okawaru
Ru
Sif Muna
Uskayaw
Vehumet
Yredelemnul

Shops:
D:1 *   D:2 *

Portals:
Bailey: D:9

Annotations:
D:6 3 exclusions
D:7 exclusion: statue


Innate Abilities, Weirdness & Mutations

You have a pair of horns on your head.
You reflexively headbutt those who attack you in melee.


Message History

You feel yourself slow down.
The hornet stings you but does no damage.
Aiming: Mindburst
Press: ? - help, Shift-Dir - straight line, f/p - hornet
Aim: a hornet (chance to affect: 55%)
The hornet's mind is blasted!
You feel very sick. The hornet stings you.
You feel as though you will be slow longer.
The hornet stings you.
You are more poisoned.
You feel as though you will be slow longer.
Aiming: Mindburst
Press: ? - help, Shift-Dir - straight line, f/p - hornet
Aim: a hornet (moderately wounded, chance to affect: 55%)
The hornet resists with significant effort.
You feel very sick.
The hornet stings you but does no damage.
The hornet stings you!
You feel as though you will be slow longer.
Aiming: Mindburst
Press: ? - help, Shift-Dir - straight line, f/p - hornet
Aim: a hornet (moderately wounded, chance to affect: 55%)
The hornet resists with significant effort.
You feel very sick.
The hornet stings you but does no damage.
The hornet stings you!
* * * LOW HITPOINT WARNING * * *
You feel as though you will be slow longer.
The hornet stings you.
* * * LOW HITPOINT WARNING * * *
You are more poisoned.
You suddenly lose the ability to move!
You feel very sick. The hornet stings you!
* * * LOW HITPOINT WARNING * * *
You are more poisoned.
You feel as though you will be slow longer.
You die...
Fedhas appreciates your contribution to the ecosystem.

≈........ #
≈.≈≈≈≈≈.#
..(
≈.≈≈≈≈≈.#
#######....?
≈.≈≈≈≈≈.#
#gl.l.W.≈≈≈≈
≈.≈≈≈≈≈.#
#y###g..≈(..
........#
#@# (#.(>∩.
........#
#.# .# ≈...
#<####># .#
≈≈≈
#.....#..#.(
..
######.#.###
# .#.# .# #
.. .#


You could see a basilisk, a hornet and a goblin.

Vanquished Creatures
  A kobold demonologist (D:7)
  A troll (D:7)
  A wyvern (D:8)
  Grum (D:8)
  2 steam dragons
  An orc warrior (D:8)
  3 ice beasts
  3 centaurs
  A rime drake zombie (D:8)
  8 wolves
  A phantom (D:7)
  2 kobold brigands (D:7)
  A bullfrog (D:7)
  4 jellies
  3 scorpions
  A water moccasin zombie (D:6)
  8 wights
  2 electric eels (D:8)
  A centaur zombie (D:6)
  A bullfrog zombie (D:7)
  2 centaur skeletons (D:5)
  An orc priest (D:5)
  2 gnoll shamans
  6 hounds
  2 iguanas
  Natasha (thrice) (D:2)
  5 orc wizards
  9 gnolls
  17 adders
  4 river rats (Sewer)
  2 shadow imps
  An ufetubus (D:5)
  A worm (D:2)
  12 orcs
  9 endoplasms
  9 giant cockroaches
  11 goblins
  9 hobgoblins
  8 jackals
  15 kobolds
  3 quokkas
  17 ball pythons
  15 bats
  6 frilled lizards
  A quokka skeleton (D:4)
  3 rats
  A ballistomycete spore (D:7)
220 creatures vanquished.

Vanquished Creatures (collateral kills)
  10 ballistomycete spores
10 creatures vanquished.

Vanquished Creatures (others)
  An orc wizard (D:6)
  2 orcs (D:7)
  2 ballistomycete spores (D:8)
5 creatures vanquished.

Grand Total: 235 creatures vanquished

Notes
Turn   | Place    | Note
-------+----------+-------------------------------------------
     0 | D:1      | dolemite99 the Minotaur Monk began the quest for the Orb.
     0 | D:1      | Reached XP level 1. HP: 19/19 MP: 0/0
     3 | D:1      | Noticed an electric eel
     4 | D:1      | Noticed an electric eel
   170 | D:1      | Found Ymoow's General Store.
   328 | D:1      | Reached XP level 2. HP: 24/26 MP: 1/1
   675 | D:2      | Reached skill level 5 in Axes
   691 | D:2      | Reached XP level 3. HP: 31/31 MP: 2/2
   898 | D:2      | Found Yzuegire's General Store.
   919 | D:2      | Bought a scroll of identify for 28 gold pieces
   919 | D:2      | Bought a scroll of fog for 28 gold pieces
  1010 | D:2      | Noticed Natasha
  1025 | D:2      | Killed Natasha
  1026 | D:2      | Reached XP level 4. HP: 7/39 MP: 3/3
  1162 | D:2      | Noticed Natasha
  1178 | D:2      | Killed Natasha
  1909 | D:2      | Noticed Natasha
  1914 | D:2      | Killed Natasha
  1917 | D:2      | Reached XP level 5. HP: 45/45 MP: 4/4
  2464 | D:3      | Found a blossoming altar of Fedhas.
  2469 | D:3      | Became a worshipper of Fedhas Madash
  2469 | D:3      | Reached * piety under Fedhas
  2469 | D:3      | Reached ** piety under Fedhas
  2521 | D:3      | Found a sacrificial altar of Ru.
  2662 | D:3      | Found a basalt altar of Yredelemnul.
  2681 | D:3      | Reached skill level 1 in Invocations
  2943 | D:3      | Reached XP level 6. HP: 51/51 MP: 6/6
  3140 | D:4      | Found a glowing drain.
  3166 | D:4      | Reached skill level 1 in Maces & Flails
  3188 | Sewer    | Entered a sewer
  3241 | Sewer    | Reached skill level 2 in Maces & Flails
  3630 | Sewer    | Reached *** piety under Fedhas
  4121 | Sewer    | Reached skill level 3 in Maces & Flails
  4962 | D:4      | Reached XP level 7. HP: 45/57 MP: 8/8
  5315 | D:4      | Reached skill level 4 in Maces & Flails
  5557 | D:5      | Entered Level 5 of the Dungeon
  5788 | D:5      | Reached **** piety under Fedhas
  6206 | D:5      | Reached skill level 5 in Maces & Flails
  6936 | D:6      | Reached skill level 5 in Invocations
  6955 | D:6      | Reached skill level 6 in Maces & Flails
  6955 | D:6      | Reached XP level 8. HP: 62/64 MP: 10/10
  7292 | D:6      | Found a sparkling altar of Nemelex Xobeh.
  7506 | D:6      | Found a shimmering blue altar of Sif Muna.
  7708 | D:6      | Reached skill level 7 in Maces & Flails
  7792 | D:6      | Found a staircase to the Ecumenical Temple.
  8097 | D:6      | Noticed a moth of wrath
  8284 | D:7      | Noticed a kobold demonologist
  8285 | D:7      | Reached skill level 8 in Maces & Flails
  8285 | D:7      | Noticed a red devil
  8286 | D:7      | Noticed a rust devil
  8610 | D:7      | Killed a kobold demonologist
  8611 | D:7      | Reached XP level 9. HP: 44/70 MP: 8/13
  8916 | D:7      | Found a burning altar of Makhleb.
  8935 | D:7      | Found a hide-covered altar of Uskayaw.
  8949 | D:7      | Reached skill level 9 in Maces & Flails
  9041 | D:7      | Found a radiant altar of Vehumet.
  9402 | D:7      | Found an iron altar of Okawaru.
  9487 | D:8      | Noticed Grum
  9488 | D:8      | Noticed a troll
  9775 | D:7      | Killed a troll
  9776 | D:7      | Reached skill level 10 in Maces & Flails
 10921 | D:8      | Reached skill level 11 in Maces & Flails
 11008 | D:8      | Found a staircase to the Lair.
 11244 | D:8      | Killed Grum
 11245 | D:8      | Reached skill level 1 in Bows
 11245 | D:8      | Reached XP level 10. HP: 77/77 MP: 11/16
 11714 | D:8      | Reached skill level 1 in Armour
 11988 | D:8      | Found an opulent altar of Gozag.
 12030 | D:9      | Found a flagged portal.
 12052 | D:9      | Paralysed by a hornet for 3 turns
 12054 | D:9      | Succumbed to a hornet's poison

Illustrated notes

Levels and vault maps discovered:
D:1:      arrival_aquarium_b, layout_rooms, serial_shops, nicolae_diamond_shop,
          hex_large
D:2:      layout_loops_ring, serial_shops, shop, uniq_natasha
D:3:      layout_loops_ring, nicolae_ru_great_annihilating_truth,
          mainiacjoe_overflow_alcove_2, nicolae_overflow_crystal_walls
D:4:      layout_cave_pods, gup_sewer_entry_glass, amcnicky_mini_pool_small,
          skrybe_limestone_x
D:5:      layout_loops_ring, dk_noncrumbling_3
D:6:      layout_basic, lemuel_blue_sif_altar, tgw_trog,
          mainiacjoe_overflow_24_doors, temple_doors_cd
D:7:      layout_loops_ring, lemuel_crystal_altar, vehumet_statue,
          okawaru_altar_gauntlet_db, mainiacjoe_overflow_concentric_impassable
D:8:      layout_rooms, lemuel_tele_altar, erik_lair_island, uniq_grum
D:9:      wander_kiku_kobolds, layout_loops_ring, enter_bailey_5, minivault_14,
          uniq_maggie, uniq_maurice, uniq_harold

Skill      XL: |  1  2  3  4  5  6  7  8  9 10 |
---------------+-------------------------------+-----
Axes           | 4 5 6 7 |  7.6
Invocations    | 1 3 5 7 9 |  9.3
Maces & Flails | 3 6 8 11 | 11.0
Bows           | 1 3 |  3.0
Armour         | 2 |  2.8
Fighting       | |  3.6
Dodging        | |  3.2
Stealth        | |  1.5

Action                   |  1- 3 |  4- 6 |  7- 9 | 10-12 || total
-------------------------+-------+-------+-------+-------++-------
Melee: Hand axe          |    80 |    63 |       |     3 ||   146
       Headbutt          |     9 |    28 |    35 |     1 ||    73
       Whip              |       |   133 |   107 |       ||   240
       Punch             |       |     3 |     2 |       ||     5
       Morningstar       |       |       |   117 |       ||   117
 Fire: Shortbow          |       |       |     3 |    61 ||    64
Throw: Stone             |    10 |   144 |    64 |       ||   218
Invok: Grow Ballistomyce |       |       |     7 |     3 ||    10
Evoke: Wand              |       |       |     9 |     4 ||    13
  Use: Scroll            |     3 |     6 |     8 |     1 ||    18
       Potion            |       |     2 |     3 |       ||     5
Armor: Robe              |     3 |       |       |       ||     3
       Ring mail         |    17 |    89 |       |       ||   106
       Chain mail        |       |     3 |   149 |    23 ||   175
Dodge: Dodged            |    58 |   106 |   102 |    11 ||   277

Table legend: (Time is in decaauts)
 A = Elapsed time spent in this place.
 B = Non-inter-level travel time spent in this place.
 C = Inter-level travel time spent in this place.
 D = Time resting spent in this place.
 E = Time spent auto-exploring this place.
 F = Levels seen in this place.
 G = Mean time per level.
                   A        B        C        D        E       F      G
               +--------+--------+--------+--------+--------+-----+--------+
         Total |  12274 |  11987 |    287 |   4444 |   5369 |  10 | 1227.4 |
       Dungeon |  10950 |  10663 |    287 |   4022 |   4673 |   9 | 1216.7 |
         Sewer |   1323 |   1323 |      0 |    422 |    696 |   1 | 1323.0 |
               +--------+--------+--------+--------+--------+-----+--------+

Top non-repeatable levels by time:
     D:7: 2345 daAuts
     D:6: 1614 daAuts
     D:2: 1486 daAuts
     D:5: 1353 daAuts
   Sewer: 1323 daAuts
     D:4: 1288 daAuts
     D:8: 1165 daAuts
     D:3: 977 daAuts
     D:1: 674 daAuts
     D:9: 45 daAuts
